 Dungeon Crawl Stone Soup version 0.29-a0-557-g43b9904bd1 (webtiles) character file.

Game seed: 6687719347632457705

459 DocClef the Covert (level 7, 0/59 HPs)
             Began as a Gnoll Delver on June 8, 2022.
             Slain by a gnoll
             ... wielding a +0 halberd
             ... led by a gnoll shaman
              (13 damage)
             ... on level 5 of the Dungeon.
             The game lasted 00:00:57 (1249 turns).

DocClef the Covert (Gnoll Delver)                   Turns: 1249, Time: 00:00:57

Health: 0/59       AC:  3    Str: 13    XL:     7   Next: 6%
Magic:  10/10      EV: 13    Int: 10    God:
Gold:   0          SH:  0    Dex: 13    Spells: 10/10 levels left

rFire   . . .      SeeInvis .   h - +0 morningstar
rCold   . . .      Faith    .   (no shield)
rNeg    . . .      Spirit   .   b - +0 leather armour
rPois   .          Reflect  .   (no helmet)
rElec   .          Harm     .   (no cloak)
rCorr   .          Rampage  .   (no gloves)
Will    .....                   (no boots)
Stlth   ++........              (no amulet)
HPRegen 0.19/turn               (no ring)
MPRegen 0.12/turn               (no ring)

@: lit by a corona, glowing
A: fangs 1, strong nose, distributed training
a: no special abilities


You were on level 5 of the Dungeon.
You visited 1 branch of the dungeon, and saw 1 of its levels.

Inventory:

Hand Weapons
 a - a +0 short sword
 h - a +0 morningstar (weapon)
Armour
 b - a +0 leather armour (worn)
Wands
 g - a wand of digging (3)
 j - a wand of polymorph (6)
Scrolls
 c - a scroll of fog
 d - a scroll of magic mapping
 e - a scroll of fear
Potions
 f - a potion of haste
 i - a potion of might {unknown}
 k - 2 potions of curing {unknown}
 l - 2 potions of berserk rage {unknown}


   Skills:
 + Level 6.9 Fighting
 + Level 5.1 Short Blades
 + Level 2.2 Long Blades
 + Level 2.2 Axes
 + Level 2.2 Maces & Flails
 + Level 2.2 Polearms
 + Level 2.2 Staves
 + Level 2.2 Slings
 + Level 2.2 Bows
 + Level 2.2 Crossbows
 + Level 2.2 Throwing
 + Level 2.2 Armour
 + Level 5.1 Dodging
 + Level 9.8 Stealth
 + Level 2.2 Shields
 + Level 2.2 Unarmed Combat
 + Level 2.2 Spellcasting
 + Level 1.8 Conjurations
 + Level 1.8 Hexes
 + Level 1.8 Summonings
 + Level 1.8 Necromancy
 + Level 1.8 Translocations
 + Level 1.8 Transmutations
 + Level 1.8 Fire Magic
 + Level 1.8 Ice Magic
 + Level 1.8 Air Magic
 + Level 1.8 Earth Magic
 + Level 1.8 Poison Magic
 + Level 2.5 Invocations
 + Level 2.2 Evocations


You had 10 spell levels left.
You didn't know any spells.
Your spell library was empty.

Dungeon Overview and Level Annotations

Branches:
Dungeon (5/15)
 Temple: D:4-7

Altars:
Yredelemnul

Shops:
D:5 *


Innate Abilities, Weirdness & Mutations

You have very sharp teeth.
Your uncanny sense of smell can sniff out nearby items.
Your experience applies equally to all skills.


Message History

The gnoll hits you with a +0 halberd!
You barely miss the gnoll. The gnoll barely misses you.
You hit the gnoll but do no damage. The gnoll barely misses you.
You closely miss the gnoll shaman. Your bite misses the gnoll shaman.
The gnoll completely misses you. The gnoll shaman barely misses you.
You hit the gnoll shaman but do no damage.
The gnoll misses you. The gnoll shaman closely misses you.
You closely miss the gnoll shaman. The gnoll barely misses you.
The gnoll shaman closely misses you. The gnoll closely misses you.
The gnoll shaman barely misses you.
You hit the gnoll shaman.
You bite the gnoll shaman, but do no damage.
The gnoll shaman is lightly wounded.
The gnoll hits you from afar with a +0 halberd!
The gnoll shaman hits you with a +0 club.
You hit the gnoll shaman.
You bite the gnoll shaman, but do no damage.
The gnoll shaman is moderately wounded.
The gnoll closely misses you.
The gnoll shaman mumbles some strange prayers to its god against you.
You are outlined in light.
You sock the gnoll shaman!
The gnoll shaman is almost dead.
The gnoll misses you.
The gnoll shaman hits you with a +0 club!
The gnoll closely misses you.
The gnoll shaman mumbles some strange prayers to its god.
The gnoll shaman is healed somewhat.
You sock the gnoll shaman!
You kill the gnoll shaman!
The gnoll hits you from afar with a +0 halberd!
* * * LOW HITPOINT WARNING * * *
You have reached level 7!
The gnoll barely misses you.
Things that are here:
a +0 club; a +0 robe; a gnoll corpse You hit the gnoll.
Your punch misses the gnoll.
The gnoll is moderately wounded.
The gnoll closely misses you. The gnoll hits you with a +0 halberd!
You die...

.#.## .# ## .# . ....####.#..
.#. ...........# .#.###
#...###.#### .g...
##.........#####.######.#.#
######.................g.####
####.#####......†.g.....
#.###########.#
#......@ggg...#
###############


You could see 3 gnolls.

Vanquished Creatures
  2 ogres (D:5)
  A phantom (D:5)
  A scorpion (D:5)
  A necrophage (D:5)
  A gnoll shaman (D:5)
  A hound (D:5)
  A jelly (D:5)
  2 adders (D:5)
10 creatures vanquished.

Notes
Turn   | Place    | Note
-------+----------+-------------------------------------------
     0 | D:5      | Reached skill level 9 in Stealth
     0 | D:5      | DocClef the Gnoll Delver began the quest for the Orb.
     0 | D:5      | Reached XP level 1. HP: 23/23 MP: 1/1
     1 | D:5      | Noticed a hound
    11 | D:5      | Killed a hound
    12 | D:5      | Reached XP level 2. HP: 23/29 MP: 2/2
    12 | D:5      | Reached XP level 3. HP: 28/35 MP: 3/3
    30 | D:5      | Reached skill level 1 in Long Blades
    30 | D:5      | Reached skill level 1 in Axes
    30 | D:5      | Reached skill level 1 in Maces & Flails
    30 | D:5      | Reached skill level 1 in Polearms
    30 | D:5      | Reached skill level 1 in Staves
    30 | D:5      | Reached skill level 1 in Slings
    30 | D:5      | Reached skill level 1 in Bows
    30 | D:5      | Reached skill level 1 in Crossbows
    30 | D:5      | Reached skill level 1 in Throwing
    30 | D:5      | Reached skill level 1 in Armour
    30 | D:5      | Reached skill level 1 in Shields
    30 | D:5      | Reached skill level 1 in Unarmed Combat
    30 | D:5      | Reached skill level 1 in Spellcasting
    30 | D:5      | Reached skill level 1 in Invocations
    30 | D:5      | Reached skill level 1 in Evocations
    30 | D:5      | Reached XP level 4. HP: 26/41 MP: 3/5
   336 | D:5      | Noticed an ogre
   339 | D:5      | Noticed a necrophage
   350 | D:5      | Killed an ogre
   351 | D:5      | Reached skill level 1 in Conjurations
   351 | D:5      | Reached skill level 1 in Hexes
   351 | D:5      | Reached skill level 1 in Summonings
   351 | D:5      | Reached skill level 1 in Necromancy
   351 | D:5      | Reached skill level 1 in Translocations
   351 | D:5      | Reached skill level 1 in Transmutations
   351 | D:5      | Reached skill level 1 in Fire Magic
   351 | D:5      | Reached skill level 1 in Ice Magic
   351 | D:5      | Reached skill level 1 in Air Magic
   351 | D:5      | Reached skill level 1 in Earth Magic
   351 | D:5      | Reached skill level 1 in Poison Magic
   351 | D:5      | Reached XP level 5. HP: 24/47 MP: 5/7
   356 | D:5      | HP: 1/46 [necrophage (3)]
   663 | D:5      | Found Boosig's General Store.
   678 | D:5      | Noticed a phantom
   687 | D:5      | Killed a phantom
   688 | D:5      | Reached XP level 6. HP: 29/53 MP: 8/8
   851 | D:5      | HP: 2/53 [poisoned by a scorpion]
   852 | D:5      | Reached skill level 5 in Short Blades
   852 | D:5      | Reached skill level 5 in Dodging
  1248 | D:5      | Reached XP level 7. HP: 12/59 MP: 10/10
  1249 | D:5      | Slain by a gnoll

Illustrated notes

Levels and vault maps discovered:
D:5:      layout_loops_ring, mainiacjoe_overflow_alcove_2,
          yredelemnul_altar_generic, serial_shops, shop, nicolae_shop_gadgets,
          uniq_crazy_yiuf_cottage

Skill      XL: |  1  2  3  4  5  6 |
---------------+-------------------+-----
Stealth        | |  9.8
Long Blades    | 1 2 |  2.2
Axes           | 1 2 |  2.2
Maces & Flails | 1 2 |  2.2
Polearms       | 1 2 |  2.2
Staves         | 1 2 |  2.2
Slings         | 1 2 |  2.2
Bows           | 1 2 |  2.2
Crossbows      | 1 2 |  2.2
Throwing       | 1 2 |  2.2
Armour         | 1 2 |  2.2
Shields        | 1 2 |  2.2
Unarmed Combat | 1 2 |  2.2
Spellcasting   | 1 2 |  2.2
Invocations    | 1 2 |  2.5
Evocations     | 1 2 |  2.2
Conjurations   | 1 |  1.8
Hexes          | 1 |  1.8
Summonings     | 1 |  1.8
Necromancy     | 1 |  1.8
Translocations | 1 |  1.8
Transmutations | 1 |  1.8
Fire Magic     | 1 |  1.8
Ice Magic      | 1 |  1.8
Air Magic      | 1 |  1.8
Earth Magic    | 1 |  1.8
Poison Magic   | 1 |  1.8
Short Blades   | 5 |  5.1
Dodging        | 5 |  5.1
Fighting       | |  6.9

Action                   |  1- 3 |  4- 6 |  7- 9 || total
-------------------------+-------+-------+-------++-------
Melee: Short sword       |    13 |    28 |       ||    41
       Bite              |     1 |     6 |       ||     7
       Punch             |     1 |     1 |       ||     2
       Morningstar       |       |    44 |     1 ||    45
 Stab: Sleeping          |       |     4 |       ||     4
Armor: Leather armour    |     3 |    11 |       ||    14
Dodge: Dodged            |     7 |    48 |     2 ||    57

Table legend: (Time is in decaauts)
 A = Elapsed time spent in this place.
 B = Non-inter-level travel time spent in this place.
 C = Inter-level travel time spent in this place.
 D = Time resting spent in this place.
 E = Time spent auto-exploring this place.
 F = Levels seen in this place.
 G = Mean time per level.
                   A        B        C        D        E       F      G
               +--------+--------+--------+--------+--------+-----+--------+
         Total |   1260 |   1260 |      0 |    593 |    502 |   1 | 1260.0 |
       Dungeon |   1260 |   1260 |      0 |    593 |    502 |   1 | 1260.0 |
               +--------+--------+--------+--------+--------+-----+--------+

Top non-repeatable levels by time:
     D:5: 1260 daAuts
